 Dungeon Crawl Stone Soup version 0.21.1-1-g345015f (webtiles) character file.

37 Fortress the Conjurer (level 3, -2/26 HPs)
             Began as a Draconian Conjurer on June 16, 2018.
             Slain by Robin
             ... wielding a +0 club
              (3 damage)
             ... on level 1 of the Dungeon.
             The game lasted 00:07:06 (1010 turns).

Fortress the Conjurer (Draconian Conjurer)          Turns: 1010, Time: 00:07:07

Health: -2/26      AC:  5    Str: 10    XL:     3   Next: 23%
Magic:  0/6        EV: 12    Int: 16    God:
Gold:   28         SH:  0    Dex: 11    Spells: 5/6 levels left

rFire    . . .     SeeInvis .   d - +0 dagger
rCold    . . .     Gourm    .   (no shield)
rNeg     . . .     Faith    .   (armour unavailable)
rPois    .         Spirit   .   (helmet restricted)
rElec    .         Reflect  .   (no cloak)
rCorr    .         Harm     .   (no gloves)
MR       .....                  (no boots)
Stlth    ++........             (no amulet)
HPRegen  0.08/turn              (no ring)
MPRegen  0.10/turn              (no ring)

@: very slightly contaminated
A: unfitting armour, cold-blooded, AC +5
a: no special abilities


You were on level 1 of the Dungeon.
You were very hungry.

You visited 1 branch of the dungeon, and saw 2 of its levels.

You collected 28 gold pieces.

Inventory:

Hand Weapons
 d - a +0 dagger (weapon)
 k - a +0 short sword
Missiles
 c - 38 stones (quivered)
 g - 16 poisoned needles
 h - 5 arrows
Jewellery
 n - an uncursed ring of resist corrosion {unknown}
Scrolls
 e - 3 scrolls of identify {unknown}
 f - a scroll of enchant armour {unknown}
 i - a scroll of immolation {unknown}
 o - a scroll of teleportation {unknown}
Potions
 j - a potion of berserk rage {unknown}
 l - a potion of heal wounds {unknown}
Books
 a - a book of Conjurations

   Spells                             Type                      Level
   a - Magic Dart                     Conjuration                  1
   b - Searing Ray                    Conjuration                  2
   c - Dazzling Spray                 Conjuration/Hexes            3
   d - Fulminant Prism                Conjuration/Hexes            4
   e - Force Lance                    Conjuration/Translocation    4
   f - Iskenderun's Mystic Blast      Conjuration                  4
Comestibles
 b - 3 rations


   Skills:
 * Level 0.5 Short Blades
 - Level 1.7 Dodging
 - Level 2.0 Stealth
 + Level 2.0 Spellcasting
 + Level 4.8 Conjurations


You had 5 spell levels left.
You knew the following spells:

 Your Spells              Type           Power        Failure   Level  Hunger
a - Magic Dart            Conj           ###.         2%          1    #......


Dungeon Overview and Level Annotations

Branches:
Dungeon (2/15)

Altars:

Annotations:
D:1 Robin


Innate Abilities, Weirdness & Mutations

Your plain brown scales are hard. (AC +5)
You cannot fit into any form of body armour.
You are cold-blooded and may be slowed by cold attacks.


Message History

The hobgoblin hits you with a club.
You hit Robin.
Robin is moderately wounded.
Robin barely misses you.
You closely miss Robin.
Robin is moderately wounded.
The hobgoblin hits you with a club.
* * * LOW HITPOINT WARNING * * *
Robin closely misses you.
Casting: Magic Dart
Confirm with . or Enter, or press ? or * to list all spells.
Aiming: Magic Dart
Press: ? - help, Shift-Dir - straight line, f/p - Robin
Aim: Robin, wielding a club, wearing an animal skin and wearing a helmet (moderately wounded)
The magic dart hits Robin.
Robin is moderately wounded.
The hobgoblin hits you with a club.
* * * LOW HITPOINT WARNING * * *
Robin hits you with a club.
You die...

#####.#...........####.........
#..#...........###..........
#..#...........##...........
#..#...........#............
#.##.....<.....#...###...[..
#.##...........#............
######.###############...........
#......#........g..# #..###......
...)............@#####..###......
...............#.g...............
.................#....#####......
.....................## #######
..................)##############
.................................
........)......##################
..............## #.....##.[....#


You could see Robin and a hobgoblin.

Vanquished Creatures
  An ooze (D:1)
  A dart slug (D:1)
  A leopard gecko (D:1)
  3 bats (D:1)
  A giant cockroach (D:1)
  7 goblins
  4 hobgoblins
  A jackal (D:2)
  A frilled lizard (D:1)
  4 kobolds (D:1)
  3 rats (D:1)
27 creatures vanquished.

Notes
Turn   | Place    | Note
-------+----------+-------------------------------------------
     0 | D:1      | Fortress the Draconian Conjurer began the quest for the Orb.
     0 | D:1      | Reached XP level 1. HP: 14/14 MP: 3/3
   192 | D:1      | Reached XP level 2. HP: 20/20 MP: 1/5
   735 | D:1      | Reached XP level 3. HP: 26/26 MP: 0/6
   935 | D:2      | Noticed Robin
  1010 | D:1      | HP: 1/26 [hobgoblin/club[Robin] (6)]
  1010 | D:1      | Slain by Robin

Skill      XL: |  1 |
---------------+----+-----
Stealth        | 2 |  2.0
Short Blades   | |  0.5
Dodging        | |  1.7
Spellcasting   | |  2.0
Conjurations   | |  4.8

Action                   || total
-------------------------++-------
Melee: Unarmed           ||    23
       Tailslap          ||     5
       Dagger            ||    17
 Cast: Magic Dart        ||    49
Armor: Skin              ||    15
Dodge: Dodged            ||    29
